 Dungeon Crawl Stone Soup version 0.19.0-2-gae57169 (webtiles) character file.

96869 Inkary the Warrior (level 16, -6/110 HPs)
             Began as a Gargoyle Fighter on Nov 5, 2016.
             Was a High Priest of Okawaru.
             Mangled by an ettin
             ... wielding a +0 dire flail
              (18 damage)
             ... on level 14 of the Dungeon.
             The game lasted 01:09:59 (25458 turns).

Inkary the Warrior (Gargoyle Fighter)              Turns: 25458, Time: 01:10:00

Health: -6/110     AC: 38    Str: 26    XL:     16   Next: 18%
Magic:  21/21      EV:  8    Int:  9    God:    Okawaru [*****.]
Gold:   1992       SH: 14    Dex: 10    Spells: 3 memorised, 8 levels left

rFire  + . .     SeeInvis .     o - +8 whip "Snakebite" {curare, rPois}
rCold  . . .     Gourm    .     D - +5 chain mail {rPois}
rNeg   + . .     Faith    +     c - +1 shield
rPois  ∞         Spirit   .     N - +0 helmet
rElec  +         Reflect  .     l - +2 cloak
rCorr  .         Harm     .     s - +0 pair of gloves
MR     +....                    P - +0 pair of boots
Stlth  ..........               e - amulet of faith
                                R - ring of protection from fire
                                K - +5 ring of slaying

@: no status effects
A: big wings, mutation resistance 1, negative energy resistance 1, electricity
resistance, unbreathing, petrification resistance, rot immunity, AC +11
a: Fly, Heroism, Finesse, Renounce Religion


You were on level 14 of the Dungeon.
You worshipped Okawaru.
Okawaru was extremely pleased with you.
You were not hungry.

You visited 4 branches of the dungeon, and saw 23 of its levels.
You also visited: Ice Cave.

You collected 2556 gold pieces.
You spent 564 gold pieces at shops.

Inventory:

Hand Weapons
 o - the +8 whip "Snakebite" (weapon) {curare, rPois}
   (You found it on level 6 of the Lair of Beasts)

   It poisons the flesh of those it strikes.
   It protects you from poison.
 y - a +3 dire flail of protection
 Z - the +7 flail of Patterns {drain, Int+2}
   (You found it on level 13 of the Dungeon)

   A truly terrible weapon, it drains the life of those it strikes.
   It affects your intelligence (+2).
Armour
 c - a +1 shield (worn)
 l - a +2 cloak (worn)
 s - a +0 pair of gloves (worn)
 D - a +5 chain mail of poison resistance (worn)
 N - a +0 helmet (worn)
 P - a +0 pair of boots (worn)
 Y - the +1 scale mail of Charity {rCorr}
   (Okawaru gifted it to you on level 12 of the Dungeon)

   It protects you from acid and corrosion.
Jewellery
 b - an uncursed ring of positive energy
 e - an amulet of faith (around neck)
 p - an uncursed ring of poison resistance {unknown}
 K - a +5 ring of slaying (left hand)
 R - a ring of protection from fire (right hand)
 T - the ring of Ohekeg {MR+ EV+6 Int+3 Dex-5 Stlth+}
   (You found it on level 6 of the Lair of Beasts)

   [ring of evasion]

   It affects your evasion (+6).
   It affects your intelligence (+3).
   It affects your dexterity (-5).
   It affects your resistance to hostile enchantments.
   It makes you more stealthy.
 V - the ring of Lohytt {+Fly Str+2 Int-2 SInv Stlth+}
   (You found it on level 6 of the Lair of Beasts)

   [ring of see invisible]

   It affects your strength (+2).
   It affects your intelligence (-2).
   It lets you see invisible.
   It lets you fly.
   It makes you more stealthy.
Wands
 x - a wand of slowing (9/48)
 J - a wand of digging (0/24)
 S - a wand of digging (16/24)
Scrolls
 j - 11 scrolls of remove curse
 m - 3 scrolls of recharging
 n - a scroll of blinking
 q - 2 scrolls of teleportation
 w - a scroll of torment
 I - 4 scrolls of magic mapping
 Q - a scroll of fear
Potions
 a - a potion of lignification
 d - 3 potions of might
 h - 4 potions of curing
 r - a potion of magic
 t - 2 potions of ambrosia
 u - a potion of resistance
 v - 2 potions of berserk rage
 z - 2 potions of brilliance
 C - 4 potions of agility
 G - 2 potions of invisibility
 H - 2 potions of cancellation
 L - a potion of flight
 W - a potion of mutation {unknown}
Miscellaneous
 U - a fan of gales
Comestibles
 f - 10 bread rations
 g - 25 beef jerkies
 i - 2 slices of pizza
 k - 8 chunks of flesh
 A - 11 meat rations
 B - 11 fruits


   Skills:
 * Level 15.9 Fighting
 - Level 14.1 Maces & Flails
 + Level 15.3 Armour
 * Level 13.0 Shields
 - Level 7.0 Invocations
 - Level 3.1 Evocations


You had 8 spell levels left.
You knew the following spells:

 Your Spells              Type           Power        Failure   Level  Hunger
a - Regeneration          Chrm/Necr      #.........   100%        3    ####...
b - Apportation           Tloc           #.........   99%         1    ##.....
c - Ignite Poison         Fire/Tmut/Pois #.......     100%        3    ####...


Dungeon Overview and Level Annotations

Branches:
Dungeon (14/15)            Temple (1/1) D:4            Lair (6/6) D:10
  Swamp (0/4) Lair:2        Snake (0/4) Lair:3        Slime (0/5) Lair:5
    Orc (2/2) D:10            Elf (0/3) Orc:2        Vaults (0/5) D:14

Altars:
Ashenzari
Cheibriados
Dithmenos
Elyvilon
Fedhas
Gozag
Hepliaklqana
Kikubaaqudgha
Makhleb
Nemelex Xobeh
Okawaru
Qazlal
Ru
Sif Muna
Trog
Uskayaw
Vehumet
Xom
Yredelemnul
Zin
The Shining One
Beogh
Jiyva

Shops:
D:8 *   D:10 }   Orc:2 !!(:

Annotations:
D:14 6 runed doors


Innate Abilities, Weirdness & Mutations

You are resistant to torment.
Your stone body is resilient. (AC +11)
You are immune to poison.
Your large and strong wings let you fly indefinitely.
You resist negative energy. (rN+)
You are resistant to electric shocks. (rElec)
You can survive without breathing.
You are immune to petrification.
You are immune to rotting.
You are somewhat resistant to further mutation.


Message History

The ettin barely misses you.
You whack the flayed ghost!
The flayed ghost is severely damaged.
You closely miss the flayed ghost.
The flayed ghost is severely damaged.
The flayed ghost hits you!
* * * LOW HITPOINT WARNING * * *
You block the ettin's attack. The ettin hits you but does no damage.
You barely miss the flayed ghost.
The flayed ghost is severely damaged.
The flayed ghost hits you!
* * * LOW HITPOINT WARNING * * *
You feel better. You block the ettin's attack. x2
The flayed ghost hits you but does no damage.
You miss the flayed ghost.
The flayed ghost is severely damaged.
The deep elf annihilator casts a spell.
The deep elf annihilator blinks!
The ettin barely misses you. The ettin hits you with a dire flail!!
You die...

## ##.......##......##.......##
.# #########..(.....######### .#
########+....e..[+######## # .#
########+.......%+######## # .#
#########........######### # .#
##.......##......##.......## #
.###.........##§D..##.........###
.##...........##WC##...........##
.#.............#@##.............#
.#.............#.##.............#
.#.............#.##.............#
...)...........#.##..............
##.)...........#.##.............#
##.............#.##......=......#
.#.............#.##.............#
.##............................##
####.........########.........###


You could see an ice dragon, a deep elf annihilator, an ettin and a flayed
ghost.

Vanquished Creatures
  Kirke (D:12)
  A reaper (IceCv)
  The ghost of grisnicke the Severer, a journeyman MiBe of Trog (Lair:4)
  Nessos (D:14)
  Azrael (D:14)
  Erolcha (Orc:2)
  6 hydras
  An ice dragon (Lair:6)
  3 vault guards (D:14)
  2 centaur warriors (D:13)
  2 ogre magi
  A tengu warrior (D:14)
  A death yak (Lair:2)
  The ghost of Vajrapani the Basher, a novice DrFi of Hepliaklqana (Lair:2)
  Nergalle (Orc:2)
  A wizard (D:14)
  3 unseen horrors
  2 hill giants
  A lindwurm (Lair:6)
  2 deep elf magi
  2 necromancers (D:14)
  An orc knight (Orc:1)
  7 orc sorcerers (Orc:2)
  An ugly thing (D:10)
  A cyclops (D:14)
  8 black mambas
  Joseph (D:7)
  2 ice statues (IceCv)
  12 elephants
  15 spiny frogs
  8 torpor snails
  2 efreet (D:14)
  12 komodo dragons
  A rime drake (Lair:4)
  A kobold demonologist (D:12)
  10 ice devils (IceCv)
  A freezing wraith (D:14)
  4 tyrant leeches (Lair:6)
  3 trolls
  9 polar bears
  10 hornets
  Prince Ribbit (D:7)
  4 two-headed ogres (D:10)
  11 hippogriffs
  4 slime creatures (D:12)
  4 raiju (Lair:6)
  13 blink frogs
  6 dream sheep (Lair:4)
  3 shadows
  53 yaks
  3 wraiths
  5 wyverns
  5 fire elementals (D:14)
  18 humans (D:14)
  2 vampires (D:14)
  3 basilisks
  2 hogs (D:12)
  5 hungry ghosts
  3 vampire mosquitoes (D:13)
  Edmund (D:5)
  2 mottled dragons
  A soldier ant (D:14)
  Duvessa (D:6)
  7 wargs
  13 porcupines
  19 water moccasins
  9 hell hounds
  15 black bears
  2 sky beasts
  16 orc warriors
  4 ice beasts
  4 phantoms
  3 necrophages (D:10)
  19 ogres
  14 wolves
  10 centaurs
  9 crocodiles
  A big kobold (D:10)
  17 bullfrogs
  A gnoll sergeant (D:6)
  Dowan (D:6)
  A wyvern zombie (D:10)
  A water moccasin zombie (D:10)
  5 scorpions
  A wyvern skeleton (D:12)
  15 wights
  17 howler monkeys
  4 crimson imps
  2 bullfrog zombies
  3 centaur zombies
  4 jellies
  6 centaur skeletons
  23 hounds
  33 orc wizards
  14 orc priests
  2 bullfrog skeletons
  Crazy Yiuf (D:6)
  Natasha (thrice) (D:3)
  An iguana (D:6)
  14 worker ants
  3 hound zombies
  2 hound skeletons
  2 worker ant zombies
  9 gnolls (D:6)
  A river rat (D:10)
  16 adders
  A shadow imp (D:6)
  19 white imps
  6 ufetubi (IceCv)
  An adder zombie (D:8)
  3 oozes
  An adder skeleton (D:8)
  2 worms
  3 dart slugs (D:1)
  2 leopard geckos
  56 orcs
  4 ball pythons
  8 giant cockroaches
  7 goblins
  9 hobgoblins
  2 jackals (D:4)
  8 quokkas
  6 bats
  4 frilled lizards
  10 kobolds
  A leopard gecko skeleton (D:8)
  9 rats
  A bush (D:10)
  3 plants
807 creatures vanquished.

Vanquished Creatures (others)
  2 white imps (IceCv)
  4 ufetubi (IceCv)
  An orc (Orc:2)
  46 fungi
  51 plants
104 creatures vanquished.

Grand Total: 911 creatures vanquished

Notes
Turn   | Place    | Note
-------+----------+-------------------------------------------
     0 | D:1      | Inkary the Gargoyle Fighter began the quest for the Orb.
     0 | D:1      | Reached XP level 1. HP: 14/14 MP: 1/1
   141 | D:1      | Reached XP level 2. HP: 19/19 MP: 2/2
   503 | D:1      | Reached XP level 3. HP: 23/23 MP: 3/3
  1023 | D:2      | Found a shimmering altar of Xom.
  1055 | D:2      | Found a faded altar of an unknown god.
  1189 | D:3      | Noticed Natasha
  1208 | D:3      | Killed Natasha
  1208 | D:3      | Reached XP level 4. HP: 16/29 MP: 4/4
  1442 | D:3      | Reached XP level 5. HP: 27/33 MP: 5/5
  1485 | D:3      | Noticed Natasha
  1499 | D:3      | Killed Natasha
  1927 | D:3      | Noticed Natasha
  1951 | D:3      | Killed Natasha
  1958 | D:3      | Reached XP level 6. HP: 15/39 MP: 6/6
  2209 | D:4      | Noticed a dagger
  2210 | D:4      | Noticed a hand axe
  2213 | D:4      | Found a hide-covered altar of Uskayaw.
  2594 | D:4      | Reached skill level 5 in Maces & Flails
  2594 | D:4      | Reached XP level 7. HP: 39/44 MP: 7/7
  2639 | D:4      | Found a staircase to the Ecumenical Temple.
  2649 | Temple   | Entered the Ecumenical Temple
  2759 | D:4      | HP: 1/44 [orc priest/nerve-wracking pain (6)]
  3504 | D:5      | Entered Level 5 of the Dungeon
  3775 | D:5      | Noticed Edmund
  3801 | D:5      | Killed Edmund
  3801 | D:5      | Reached XP level 8. HP: 41/48 MP: 8/8
  4146 | D:6      | Reached skill level 5 in Fighting
  4189 | D:6      | Reached skill level 5 in Armour
  4926 | D:6      | Found a sacrificial altar of Ru.
  4926 | D:6      | Found an iron altar of Okawaru.
  4946 | D:6      | Became a worshipper of Warmaster Okawaru
  5169 | D:6      | Noticed Dowan
  5170 | D:6      | Noticed Duvessa
  5185 | D:6      | Killed Duvessa
  5187 | D:6      | Killed Dowan
  5242 | D:6      | Found a runed door.
  5413 | D:6      | Noticed Crazy Yiuf
  5417 | D:6      | Killed Crazy Yiuf
  5696 | D:7      | Reached XP level 9. HP: 55/55 MP: 9/9
  5713 | D:7      | Noticed Joseph
  5736 | D:7      | Reached * piety under Okawaru
  5736 | D:7      | Reached skill level 1 in Invocations
  5750 | D:7      | Killed Joseph
  5828 | D:7      | Reached ** piety under Okawaru
  5876 | D:7      | Found an ancient bone altar of Kikubaaqudgha.
  6187 | D:7      | Noticed Prince Ribbit
  6211 | D:7      | Killed Prince Ribbit
  6211 | D:7      | Reached skill level 10 in Maces & Flails
  6395 | D:7      | Reached XP level 10. HP: 63/63 MP: 12/12
  6527 | D:8      | Reached skill level 1 in Evocations
  6566 | D:8      | Reached *** piety under Okawaru
  6905 | D:8      | Reached **** piety under Okawaru
  6967 | D:8      | Found Locagal's General Store.
  6974 | D:8      | Bought a scroll of identify for 26 gold pieces
  7424 | D:9      | Reached ***** piety under Okawaru
  7499 | D:8      | Reached skill level 5 in Invocations
  8053 | D:9      | Found a stormy altar of Qazlal.
  8053 | D:9      | Found a white marble altar of Elyvilon.
  8053 | D:9      | Found a burning altar of Makhleb.
  8053 | D:9      | Found a sparkling altar of Nemelex Xobeh.
  8063 | D:9      | Found a shadowy altar of Dithmenos.
  8063 | D:9      | Found a deep blue altar of Sif Muna.
  8140 | D:9      | Reached XP level 11. HP: 68/68 MP: 14/14
  8311 | D:10     | Entered Level 10 of the Dungeon
  8317 | D:10     | Found Ciwif's Gadget Shop.
  8930 | D:10     | Received a gift from Okawaru
  8966 | D:10     | Received a gift from Okawaru
  9008 | D:10     | Found a staircase to the Lair.
  9273 | D:10     | Found a staircase to the Orcish Mines.
  9373 | D:10     | Found a blossoming altar of Fedhas.
  9725 | D:11     | Noticed a red ugly thing
  9727 | D:11     | Noticed a purple ugly thing
  9764 | D:10     | Killed a red ugly thing
  9783 | Lair:1   | Entered Level 1 of the Lair of Beasts
  9833 | Lair:1   | Reached ****** piety under Okawaru
  9833 | Lair:1   | Received a gift from Okawaru
 10216 | Lair:1   | Got a warped turquoise ring
 10337 | D:10     | Reached XP level 12. HP: 30/76 MP: 17/17
 10628 | Lair:1   | Reached skill level 5 in Shields
 11103 | Lair:1   | Noticed an eight-headed hydra
 11126 | Lair:1   | Killed an eight-headed hydra
 12045 | Lair:2   | Received a gift from Okawaru
 12069 | Lair:2   | Identified the cursed ring of Qazlal's Supremacy {Str-4 Int+3} (You found it on level 1 of the Lair of Beasts)
 12408 | Lair:2   | Noticed Vajrapani's ghost (novice DrFi)
 12626 | Lair:1   | Reached skill level 10 in Armour
 12675 | Lair:2   | Killed Vajrapani's ghost
 12758 | Lair:2   | Noticed a death yak
 12801 | Lair:2   | Killed a death yak
 12801 | Lair:2   | Reached XP level 13. HP: 28/80 MP: 12/18
 13163 | Lair:2   | Found a staircase to the Swamp.
 13878 | Lair:3   | Found a staircase to the Snake Pit.
 13989 | Lair:3   | Reached skill level 10 in Shields
 14405 | Lair:3   | Learned a level 3 spell: Regeneration
 14407 | Lair:3   | Learned a level 1 spell: Apportation
 14426 | Lair:4   | Received a gift from Okawaru
 14813 | Lair:4   | Noticed grisnicke's ghost (journeyman MiBe)
 14822 | Lair:4   | Killed grisnicke's ghost
 16329 | Lair:5   | Received a gift from Okawaru
 16452 | Lair:5   | Received a gift from Okawaru
 16462 | Lair:5   | Reached skill level 10 in Fighting
 16467 | Lair:5   | Gained mutation: Your large and strong wings let you fly indefinitely. [Gargoyle growth]
 16467 | Lair:5   | Reached XP level 14. HP: 57/88 MP: 19/19
 16588 | Lair:5   | Found a staircase to the Slime Pits.
 16588 | Lair:5   | Found a viscous altar of Jiyva.
 16835 | Lair:6   | Entered Level 6 of the Lair of Beasts
 16980 | Lair:6   | Found a runed door.
 17060 | Lair:6   | Got a scintillating turquoise ring
 17061 | Lair:6   | Identified the ring of Lohytt {+Fly Str+2 Int-2 SInv Stlth+} (You found it on level 6 of the Lair of Beasts)
 17730 | Lair:6   | Got a faintly humming ring mail
 17741 | Lair:6   | Identified the +3 ring mail of Jynyar {rF+ Int+2} (You found it on level 6 of the Lair of Beasts)
 18005 | Lair:6   | Received a gift from Okawaru
 18238 | Lair:6   | Got a translucent ivory ring
 18240 | Lair:6   | Identified the ring of Ohekeg {MR+ EV+6 Int+3 Dex-5 Stlth+} (You found it on level 6 of the Lair of Beasts)
 18649 | Lair:6   | Gained mutation: You are somewhat resistant to further mutation. [potion of beneficial mutation]
 19179 | Lair:4   | You fall through a shaft for 2 floors!
 19387 | Orc:1    | Entered Level 1 of the Orcish Mines
 19394 | Orc:1    | Found a frozen archway.
 19444 | IceCv    | Entered an ice cave
 20352 | IceCv    | Noticed a reaper
 20366 | IceCv    | Killed a reaper
 20366 | IceCv    | Reached XP level 15. HP: 51/100 MP: 12/20
 20440 | IceCv    | HP: 2/100 [something (18)]
 21235 | Orc:2    | Entered Level 2 of the Orcish Mines
 21406 | Orc:2    | Found a staircase to the Elven Halls.
 21862 | Orc:2    | Learned a level 3 spell: Ignite Poison
 21868 | Orc:2    | Found Aquitsom's Book Shoppe.
 21900 | Orc:2    | Found a radiant altar of Vehumet.
 21901 | Orc:2    | Noticed Erolcha
 21916 | Orc:2    | Killed Erolcha
 21921 | Orc:2    | Found Gugiamir's Antique Weapon Shoppe.
 21945 | Orc:2    | Noticed Nergalle
 21960 | Orc:2    | Killed Nergalle
 21961 | Orc:2    | Found an ancient bone altar of Kikubaaqudgha.
 22031 | Orc:2    | Found a roughly hewn altar of Beogh.
 22031 | Orc:2    | Found Yraskiq's Distillery.
 22031 | Orc:2    | Found Loca's Distillery.
 22300 | Orc:2    | Bought a potion of berserk rage for 90 gold pieces
 22300 | Orc:2    | Bought a potion of cancellation for 144 gold pieces
 22300 | Orc:2    | Bought a potion of cancellation for 144 gold pieces
 22314 | Orc:2    | Bought a potion of heal wounds for 50 gold pieces
 22314 | Orc:2    | Bought a potion of berserk rage for 50 gold pieces
 22314 | Orc:2    | Bought 2 potions of curing for 60 gold pieces
 22675 | D:11     | You fall through a shaft for 2 floors!
 23393 | D:12     | Noticed Kirke
 23410 | D:12     | Killed Kirke
 23410 | D:12     | Received a gift from Okawaru
 23413 | D:12     | Got a bronze scale mail {god gift}
 23424 | D:12     | Identified the +1 scale mail of Charity {rCorr} (Okawaru gifted it to you on level 12 of the Dungeon)
 23523 | D:12     | Reached skill level 15 in Fighting
 23771 | D:12     | Reached skill level 15 in Armour
 23867 | D:13     | Got a scorched flail
 23868 | D:13     | Identified the +7 flail of Patterns {drain, Int+2} (You found it on level 13 of the Dungeon)
 23898 | D:14     | Found a bloodstained altar of Trog.
 24013 | D:14     | Found a large runed door.
 24016 | D:14     | Found a large runed door.
 24138 | D:14     | Noticed Azrael
 24174 | D:14     | Found a large runed door.
 24178 | D:14     | Found a large runed door.
 24495 | D:14     | Found a large runed door.
 24628 | D:14     | Received a gift from Okawaru
 24628 | D:14     | Reached XP level 16. HP: 104/109 MP: 18/21
 24820 | D:14     | Killed Azrael
 24966 | D:14     | Found a gate to the Vaults.
 25217 | D:14     | Noticed Nessos
 25228 | D:14     | Killed Nessos
 25403 | D:14     | Found a large runed door.
 25407 | D:14     | Found a large runed door.
 25413 | D:14     | Found a large runed door.
 25456 | D:14     | HP: 4/110 [flayed ghost (13)]
 25458 | D:14     | Mangled by an ettin

Skill      XL: |  1  2  3  4  5  6  7  8  9 10 11 12 13 14 15 16 |
---------------+-------------------------------------------------+-----
Maces & Flails | 3 4 5 7 8 10 11 13 14 | 14.1
Fighting       | 4 6 7 9 10 13 15 | 15.9
Shields        | 4 9 11 12 13 | 13.0
Armour         | 4 5 7 8 10 12 14 15 | 15.3
Invocations    | 3 5 7 |  7.0
Evocations     | 3 |  3.1

Action                   |  1- 3 |  4- 6 |  7- 9 | 10-12 | 13-15 | 16-18 || total
-------------------------+-------+-------+-------+-------+-------+-------++-------
Melee: Flail             |   140 |   177 |    93 |   564 |   396 |    16 ||  1386
       Dire flail        |       |       |   309 |   473 |   988 |       ||  1770
       Whip              |       |       |       |       |   618 |   123 ||   741
Invok: Heroism           |       |       |     1 |    16 |    48 |     2 ||    67
       Finesse           |       |       |       |    10 |    18 |       ||    28
 Abil: Fly               |       |       |       |       |     1 |       ||     1
       Stop Flying       |       |       |       |       |       |     1 ||     1
Evoke: Wand              |       |     2 |     8 |     2 |     5 |     2 ||    19
  Use: Scroll            |       |       |     8 |    12 |    18 |     2 ||    40
       Potion            |       |       |     7 |     2 |     9 |     1 ||    19
  Eat: Chunk             |     1 |     5 |    12 |    20 |    38 |     3 ||    79
       Bread ration      |       |       |     2 |       |       |       ||     2
       Fruit             |       |       |       |     1 |     3 |       ||     4
       Pizza             |       |       |       |     1 |       |       ||     1
       Beef jerky        |       |       |       |       |     1 |       ||     1
Armor: Scale mail        |    63 |   102 |    29 |       |       |       ||   194
       Chain mail        |       |       |   245 |   472 |   837 |    57 ||  1611
       Skin              |       |       |       |       |    13 |       ||    13
Dodge: Dodged            |    37 |    46 |   126 |   219 |   664 |    31 ||  1123
Block: Shield            |    69 |    86 |    35 |   237 |   454 |    65 ||   946
